 Dungeon Crawl Stone Soup version 0.23.1-37-gaa34b87b72 (webtiles) character file.

Game seed: 1449539646240837504

21606 Freyura the Blocker (level 12, -2/97 HPs)
             Began as a Gnoll Fighter on Mar 24, 2019.
             Was an Elder of Ashenzari.
             Slain by an eight-headed hydra (4 damage)
             ... while petrified by a basilisk
             ... on level 1 of the Lair of Beasts.
             The game lasted 01:10:13 (13098 turns).

Freyura the Blocker (Gnoll Fighter)                Turns: 13098, Time: 01:10:14

Health: -2/97      AC: 24    Str: 22    XL:     12   Next: 91%
Magic:  20/23      EV:  2    Int: 15    God:    Ashenzari [****..]
Gold:   737        SH:  0    Dex: 19    Spells: 26/26 levels left

rFire    + + .     SeeInvis +   c - +2 scimitar (curse)
rCold    x . .     Gourm    .   C - +1 large shield (curse)
rNeg     + + +     Faith    .   l - +0 fire dragon scales
rPois    ∞         Spirit   .   B - +2 helmet (curse)
rElec    .         Reflect  .   (no cloak)
rCorr    .         Harm     .   n - +2 pair of gloves of Okawaru's Favour {+Blink Int+5} (curse)
MR       .....     Clarity  +   j - +2 pair of boots (curse)
Stlth    ++........             (no amulet)
HPRegen  0.26/turn              o - +2 ring of strength
MPRegen  0.18/turn              x - ring of positive energy

@: petrified
A: distributed training, fangs 1, large bone plates 1, blink, shaggy fur 1,
MP-powered wands, strong nose
a: Blink, Curse Item, Scrying, Renounce Religion, Evoke Blink


You were on level 1 of the Lair of Beasts.
You worshipped Ashenzari.
Ashenzari was greatly pleased with you.
You were not hungry.

You visited 3 branches of the dungeon, and saw 14 of its levels.
You also visited: Ossuary.

You collected 737 gold pieces.

Inventory:

Hand Weapons
 c - a cursed +2 scimitar (weapon)
 I - the +7 great mace "Firestarter" {inner flame, rF++}
   (You found it on level 12 of the Dungeon)

   It has been specially enchanted to burn those struck by it, causing extra
   injury to most foes and up to half again as much damage against particularly
   susceptible opponents.
   It greatly protects you from fire.
Armour
 b - a +0 plate armour
 j - a cursed +2 pair of boots (worn)
 l - +0 fire dragon scales (worn)
 n - the cursed +2 pair of gloves of Okawaru's Favour (worn) {+Blink Int+5}
   (You found it on level 8 of the Dungeon)

   It affects your intelligence (+5).
   It lets you blink.
   It has a curse placed upon it.
 B - a cursed +2 helmet (worn)
 C - a cursed +1 large shield (worn)
Magical Staves
 i - an uncursed staff of death
 D - an uncursed staff of fire
Jewellery
 g - an uncursed amulet of regeneration
 o - a +2 ring of strength (left hand)
 x - a ring of positive energy (right hand)
 G - an uncursed ring of fire
Wands
 k - a wand of paralysis (8)
 m - a wand of flame (45)
 r - a wand of acid (7)
 E - a wand of random effects (61)
Scrolls
 a - 2 scrolls of remove curse
 d - 2 scrolls of magic mapping
 p - 4 scrolls of amnesia
 s - 2 scrolls of fear
 t - 8 scrolls of teleportation
 u - 2 scrolls of blinking
 y - 3 scrolls of identify
 H - a scroll of brand weapon {unknown}
Potions
 e - a potion of heal wounds
 h - a potion of magic
 q - 6 potions of curing
 v - a potion of invisibility
 w - 3 potions of brilliance
 A - 5 potions of cancellation
 F - 3 potions of flight {unknown}
 J - a potion of might
Miscellaneous
 z - a crystal ball of energy
Comestibles
 f - 18 rations


   Skills:
 + Level 10.0 Fighting
 + Level 7.6 Short Blades
 + Level 9.0(12.3) Long Blades
 + Level 7.6 Axes
 + Level 7.6 Maces & Flails
 + Level 7.6 Polearms
 + Level 7.6 Staves
 + Level 7.6 Slings
 + Level 7.6 Bows
 + Level 7.6 Crossbows
 + Level 7.6 Throwing
 + Level 10.0(12.1) Armour
 + Level 7.6(9.9) Dodging
 + Level 7.6 Stealth
 + Level 10.0(12.1) Shields
 + Level 7.6 Unarmed Combat
 + Level 7.6 Spellcasting
 + Level 6.3 Conjurations
 + Level 6.3 Hexes
 + Level 6.3 Charms
 + Level 6.3 Summonings
 + Level 6.3 Necromancy
 + Level 6.3 Translocations
 + Level 6.3 Transmutations
 + Level 6.3 Fire Magic
 + Level 6.3 Ice Magic
 + Level 6.3 Air Magic
 + Level 6.3 Earth Magic
 + Level 6.3 Poison Magic
 + Level 8.3 Invocations
 + Level 7.6 Evocations


You had 26 spell levels left.
You didn't know any spells.
Your spell library contained the following spells:

 Spells                   Type           Power        Failure   Level  Hunger
 Flame Tongue             Conj/Fire      ###..        12%         1    None
 Shock                    Conj/Air       ###.         12%         1    None
 Swiftness                Chrm/Air       ###.....     19%         2    None
 Throw Flame              Conj/Fire      ###...       19%         2    None
 Conjure Flame            Conj/Fire      ###.....     36%         3    ##.....
 Inner Flame              Hex/Fire       ###.....     36%         3    ##.....
 Static Discharge         Conj/Air       ###.....     36%         3    ##.....
 Airstrike                Air            ###.......   77%         4    ####...
 Sticky Flame             Conj/Fire      ###.....     77%         4    ####...
 Bolt of Magma            Conj/Fire/Erth ###.......   98%         5    #####..
 Fireball                 Conj/Fire      ###.......   98%         5    #####..
 Iskenderun's Battlesphe  Conj/Chrm      ###.....     98%         5    #####..
 Lightning Bolt           Conj/Air       ###.......   98%         5    #####..
 Venom Bolt               Conj/Pois      ###.......   98%         5    #####..
 Iron Shot                Conj/Erth      ###.......   100%        6    #######
 Orb of Destruction       Conj           ###.......   100%        7    #######
 Spellforged Servitor     Conj/Summ      ###.......   100%        7    #######


Dungeon Overview and Level Annotations

Branches:
Dungeon (12/15)            Temple (1/1) D:4            Lair (1/6) D:8
    Orc (0/2) D:12

Altars:
Ashenzari
Cheibriados
Dithmenos
Elyvilon
Fedhas
Gozag
Hepliaklqana
Kikubaaqudgha
Makhleb
Nemelex Xobeh
Okawaru
Qazlal
Ru
Sif Muna
Trog
Uskayaw
Vehumet
Wu Jian
Xom
Yredelemnul
Zin
The Shining One

Shops:
D:4 *   D:5 %


Innate Abilities, Weirdness & Mutations

Your experience applies equally to all skills.
You have very sharp teeth.
Your uncanny sense of smell can sniff out nearby items.
You are partially covered in large bone plates. (SH +4)
You can translocate small distances at will.
You are covered in fur. (AC +1)
You expend magic power (3 MP) to strengthen your wands.


Message History

The eight-headed hydra bites you but does no damage. x4
The eight-headed hydra bites you!
* * * LOW HITPOINT WARNING * * *
The eight-headed hydra bites you but does no damage.
Your limbs are stiffening.
The eight-headed hydra bites you but does no damage.
The eight-headed hydra bites you!
* * * LOW HITPOINT WARNING * * *
The eight-headed hydra bites you but does no damage. x2
The eight-headed hydra closely misses you.
The eight-headed hydra bites you.
* * * LOW HITPOINT WARNING * * *
The eight-headed hydra closely misses you.
The eight-headed hydra bites you but does no damage.
The crocodile bites you.
* * * LOW HITPOINT WARNING * * *
You have turned to stone.
The eight-headed hydra bites you but does no damage.
The eight-headed hydra bites you!
You die...

, , , , #.....#
,,,,, ,, , **
##.....# , , , , ,
##.....#* , ,,,,
,***##.....# , ,
** ##.....#*
.......*
###.....#*
.......P*
#.....{##
........###....D##
........##.....t@#
..............####
.............##
.....(......##
............#
..........###
.......†.##
.........##
..........#


You could see an eight-headed hydra and a crocodile.

Vanquished Creatures
  A fire dragon (D:12)
  A hydra (D:8)
  2 two-headed ogres
  A death knight (D:12)
  A skeletal warrior (D:12)
  A phantasmal warrior (D:12)
  2 cyclopes
  4 slime creatures (D:12)
  2 rust devils
  A gargoyle (D:11)
  A kobold demonologist (D:12)
  3 komodo dragons
  A hornet (D:10)
  Grinder (D:4)
  2 dream sheep (D:8)
  7 hippogriffs
  A shadow (D:11)
  A wraith (D:12)
  6 fire bats (D:12)
  3 wyverns
  5 yaks
  4 hungry ghosts
  A water moccasin (Lair:1)
  Duvessa (D:4)
  5 orc warriors
  7 ice beasts
  2 black bears
  2 eyes of draining
  2 phantoms (D:8)
  3 sky beasts
  3 ogres
  6 centaurs
  3 crocodiles (Lair:1)
  9 big kobolds
  12 bullfrogs
  Dowan (D:4)
  13 scorpions
  3 killer bees (D:8)
  7 wights
  2 howler monkeys
  2 electric eels (Lair:1)
  9 crimson imps
  4 centaur zombies
  7 hounds
  A quasit (D:10)
  A bullfrog zombie (D:8)
  3 human zombies (Ossuary)
  6 jellies
  2 orc priests (D:8)
  2 centaur skeletons
  5 bullfrog skeletons
  Jessica (D:2)
  4 iguanas
  Natasha (thrice) (D:3)
  13 worker ants
  17 orc wizards
  2 big kobold zombies (Ossuary)
  3 mummies (Ossuary)
  Robin (D:4)
  17 adders
  4 scorpion zombies (Ossuary)
  2 shadow imps
  12 white imps (D:12)
  An adder zombie (D:7)
  2 adder skeletons
  7 worms
  A dart slug (D:3)
  5 leopard geckos
  51 orcs
  2 ball pythons (D:3)
  5 giant cockroaches
  18 goblins
  8 hobgoblins
  13 jackals
  3 quokkas
  12 bats
  7 frilled lizards
  2 goblin zombies (Ossuary)
  A hobgoblin zombie (Ossuary)
  27 kobolds
  2 kobold zombies (Ossuary)
  A leopard gecko skeleton (D:4)
  2 leopard gecko zombies (D:5)
  4 orc zombies (Ossuary)
  3 quokka skeletons
  13 rats
444 creatures vanquished.

Vanquished Creatures (others)
  A vampire (D:12)
  6 plants
7 creatures vanquished.

Grand Total: 451 creatures vanquished

Notes
Turn   | Place    | Note
-------+----------+-------------------------------------------
     0 | D:1      | Freyura the Gnoll Fighter began the quest for the Orb.
     0 | D:1      | Reached XP level 1. HP: 23/23 MP: 1/1
   116 | D:1      | Reached XP level 2. HP: 23/29 MP: 2/2
   752 | D:2      | Reached XP level 3. HP: 33/35 MP: 3/3
   820 | D:2      | Reached skill level 1 in Invocations
   851 | D:2      | Reached skill level 1 in Short Blades
   851 | D:2      | Reached skill level 1 in Axes
   851 | D:2      | Reached skill level 1 in Maces & Flails
   851 | D:2      | Reached skill level 1 in Polearms
   851 | D:2      | Reached skill level 1 in Staves
   851 | D:2      | Reached skill level 1 in Slings
   851 | D:2      | Reached skill level 1 in Bows
   851 | D:2      | Reached skill level 1 in Crossbows
   851 | D:2      | Reached skill level 1 in Throwing
   851 | D:2      | Reached skill level 1 in Dodging
   851 | D:2      | Reached skill level 1 in Stealth
   851 | D:2      | Reached skill level 1 in Unarmed Combat
   851 | D:2      | Reached skill level 1 in Spellcasting
   851 | D:2      | Reached skill level 1 in Evocations
   911 | D:2      | Reached XP level 4. HP: 28/41 MP: 5/5
  1082 | D:2      | Noticed Jessica
  1086 | D:2      | Killed Jessica
  1086 | D:2      | Reached skill level 1 in Conjurations
  1086 | D:2      | Reached skill level 1 in Hexes
  1086 | D:2      | Reached skill level 1 in Charms
  1086 | D:2      | Reached skill level 1 in Summonings
  1086 | D:2      | Reached skill level 1 in Necromancy
  1086 | D:2      | Reached skill level 1 in Translocations
  1086 | D:2      | Reached skill level 1 in Transmutations
  1086 | D:2      | Reached skill level 1 in Fire Magic
  1086 | D:2      | Reached skill level 1 in Ice Magic
  1086 | D:2      | Reached skill level 1 in Air Magic
  1086 | D:2      | Reached skill level 1 in Earth Magic
  1086 | D:2      | Reached skill level 1 in Poison Magic
  1343 | D:3      | Noticed Natasha
  1349 | D:3      | Killed Natasha
  1349 | D:3      | Reached XP level 5. HP: 44/47 MP: 5/7
  1389 | D:3      | Noticed Natasha
  1403 | D:3      | Killed Natasha
  1875 | D:3      | Noticed Natasha
  1887 | D:3      | Killed Natasha
  1887 | D:3      | Reached XP level 6. HP: 53/53 MP: 8/8
  2470 | D:4      | Reached skill level 5 in Long Blades
  2560 | D:4      | Noticed Dowan
  2560 | D:4      | Noticed Robin
  2561 | D:4      | Noticed Duvessa
  2610 | D:4      | Killed Robin
  2615 | D:4      | Killed Duvessa
  2615 | D:4      | Reached XP level 7. HP: 36/59 MP: 10/10
  2628 | D:4      | Killed Dowan
  2659 | D:4      | Found Cihiolisch's Assorted Antiques.
  2685 | D:4      | Noticed Grinder
  2701 | D:4      | Paralysed by Grinder for 6 turns
  2718 | D:4      | Killed Grinder
  2951 | D:4      | Reached XP level 8. HP: 67/67 MP: 12/12
  2985 | D:4      | Found a shadowy altar of Dithmenos.
  3197 | D:4      | Found a staircase to the Ecumenical Temple.
  3210 | Temple   | Entered the Ecumenical Temple
  3219 | Temple   | Became a worshipper of Ashenzari the Shackled
  3546 | D:5      | Entered Level 5 of the Dungeon
  3804 | D:5      | Found a blossoming altar of Fedhas.
  3849 | D:5      | Found Honned's Food Shop.
  3852 | D:5      | Reached * piety under Ashenzari
  4757 | D:6      | Reached XP level 9. HP: 18/72 MP: 14/14
  4966 | D:6      | Found a sand-covered staircase.
  4971 | Ossuary  | Entered an ossuary
  5612 | Ossuary  | Gained mutation: You expend magic power (3 MP) to
                  | strengthen your wands. [potion of mutation]
  5612 | Ossuary  | Gained mutation: You are partially covered in large bone
                  | plates. (SH +4) [potion of mutation]
  5612 | Ossuary  | Gained mutation: You are covered in fur. (AC +1) [potion of
                  | mutation]
  5612 | Ossuary  | Gained mutation: You can translocate small distances at
                  | will. [potion of mutation]
  5857 | D:6      | Reached skill level 5 in Invocations
  5913 | D:5      | Noticed a rust devil
  5913 | D:5      | Noticed a rust devil
  6262 | D:5      | Killed a rust devil
  6262 | D:5      | Reached XP level 10. HP: 73/80 MP: 15/17
  6477 | D:6      | Killed a rust devil
  6617 | D:7      | Reached skill level 5 in Short Blades
  6617 | D:7      | Reached skill level 5 in Axes
  6617 | D:7      | Reached skill level 5 in Maces & Flails
  6617 | D:7      | Reached skill level 5 in Polearms
  6617 | D:7      | Reached skill level 5 in Staves
  6617 | D:7      | Reached skill level 5 in Slings
  6617 | D:7      | Reached skill level 5 in Bows
  6617 | D:7      | Reached skill level 5 in Crossbows
  6617 | D:7      | Reached skill level 5 in Throwing
  6617 | D:7      | Reached skill level 5 in Dodging
  6617 | D:7      | Reached skill level 5 in Stealth
  6617 | D:7      | Reached skill level 5 in Unarmed Combat
  6617 | D:7      | Reached skill level 5 in Spellcasting
  6617 | D:7      | Reached skill level 5 in Evocations
  6828 | D:7      | Reached ** piety under Ashenzari
  7497 | D:8      | Noticed a three-headed hydra
  7504 | D:8      | Killed a three-headed hydra
  7504 | D:8      | Reached XP level 11. HP: 85/87 MP: 19/19
  7507 | D:8      | Noticed a two-headed ogre
  7520 | D:8      | Killed a two-headed ogre
  7633 | D:8      | Reached skill level 5 in Conjurations
  7633 | D:8      | Reached skill level 5 in Hexes
  7633 | D:8      | Reached skill level 5 in Charms
  7633 | D:8      | Reached skill level 5 in Summonings
  7633 | D:8      | Reached skill level 5 in Necromancy
  7633 | D:8      | Reached skill level 5 in Translocations
  7633 | D:8      | Reached skill level 5 in Transmutations
  7633 | D:8      | Reached skill level 5 in Fire Magic
  7633 | D:8      | Reached skill level 5 in Ice Magic
  7633 | D:8      | Reached skill level 5 in Air Magic
  7633 | D:8      | Reached skill level 5 in Earth Magic
  7633 | D:8      | Reached skill level 5 in Poison Magic
  7703 | D:8      | Got the uncursed pair of gloves of Okawaru's Favour {+Blink
                  | Int+5}
  7714 | D:8      | Identified the +2 pair of gloves of Okawaru's Favour
                  | {+Blink Int+5} (You found it on level 8 of the Dungeon)
  8114 | D:8      | Found a staircase to the Lair.
  8994 | D:9      | Reached *** piety under Ashenzari
  9210 | D:10     | Entered Level 10 of the Dungeon
  9518 | D:10     | Found a snail-covered altar of Cheibriados.
 10179 | D:11     | Noticed a cyclops
 10196 | D:11     | Killed a cyclops
 10446 | D:11     | Reached XP level 12. HP: 96/96 MP: 22/22
 11108 | D:12     | Reached **** piety under Ashenzari
 11117 | D:12     | Found a frozen archway.
 11566 | D:12     | Noticed a death knight
 11634 | D:12     | Killed a death knight
 11983 | D:12     | Noticed a fire dragon
 12029 | D:12     | Killed a fire dragon
 12289 | D:12     | Found the +7 great mace "Firestarter" {inner flame, rF++}
 12386 | D:12     | Noticed a two-headed ogre
 12399 | D:12     | Killed a two-headed ogre
 12399 | D:12     | Reached skill level 10 in Fighting
 12399 | D:12     | Reached skill level 10 in Armour
 12399 | D:12     | Reached skill level 10 in Shields
 12501 | D:12     | Found a staircase to the Orcish Mines.
 12804 | Lair:1   | Entered Level 1 of the Lair of Beasts
 13078 | Lair:1   | Noticed an eight-headed hydra
 13097 | Lair:1   | HP: 3/97 [eight-headed hydra (3)]
 13097 | Lair:1   | HP: 1/97 [crocodile (2)]
 13098 | Lair:1   | Slain by an eight-headed hydra

Skill      XL: |  1  2  3  4  5  6  7  8  9 10 11 12 |
---------------+-------------------------------------+-----
Invocations    | 1 2 3 4 5 6 7 8 |  8.3
Short Blades   | 1 2 3 4 5 6 7 |  7.6
Axes           | 1 2 3 4 5 6 7 |  7.6
Maces & Flails | 1 2 3 4 5 6 7 |  7.6
Polearms       | 1 2 3 4 5 6 7 |  7.6
Staves         | 1 2 3 4 5 6 7 |  7.6
Slings         | 1 2 3 4 5 6 7 |  7.6
Bows           | 1 2 3 4 5 6 7 |  7.6
Crossbows      | 1 2 3 4 5 6 7 |  7.6
Throwing       | 1 2 3 4 5 6 7 |  7.6
Dodging        | 1 2 3 4 5 6 7 |  7.6
Stealth        | 1 2 3 4 5 6 7 |  7.6
Unarmed Combat | 1 2 3 4 5 6 7 |  7.6
Spellcasting   | 1 2 3 4 5 6 7 |  7.6
Evocations     | 1 2 3 4 5 6 7 |  7.6
Conjurations   | 1 2 3 4 5 6 |  6.3
Hexes          | 1 2 3 4 5 6 |  6.3
Charms         | 1 2 3 4 5 6 |  6.3
Summonings     | 1 2 3 4 5 6 |  6.3
Necromancy     | 1 2 3 4 5 6 |  6.3
Translocations | 1 2 3 4 5 6 |  6.3
Transmutations | 1 2 3 4 5 6 |  6.3
Fire Magic     | 1 2 3 4 5 6 |  6.3
Ice Magic      | 1 2 3 4 5 6 |  6.3
Air Magic      | 1 2 3 4 5 6 |  6.3
Earth Magic    | 1 2 3 4 5 6 |  6.3
Poison Magic   | 1 2 3 4 5 6 |  6.3
Long Blades    | 5 6 7 8 9 |  9.0
Fighting       | 7 8 9 10 | 10.0
Armour         | 7 8 9 10 | 10.0
Shields        | 7 8 9 10 | 10.0

Action                   |  1- 3 |  4- 6 |  7- 9 | 10-12 || total
-------------------------+-------+-------+-------+-------++-------
Melee: Long sword        |   106 |   220 |   565 |   153 ||  1044
       Bite              |    11 |    21 |    98 |   181 ||   311
       Scimitar          |       |       |       |   987 ||   987
Invok: Curse Item        |       |       |     2 |     4 ||     6
Evoke: Wand              |       |       |     3 |     6 ||     9
  Use: Potion            |       |     2 |     7 |     4 ||    13
       Scroll            |       |       |    22 |     8 ||    30
 Stab: Distracted        |       |       |     1 |       ||     1
       Sleeping          |       |       |       |     1 ||     1
  Eat: Chunk             |       |     6 |       |       ||     6
       Ration            |       |       |     4 |    10 ||    14
Armor: Scale mail        |    38 |    93 |   215 |       ||   346
       Plate armour      |       |       |       |   353 ||   353
       Fire dragon scale |       |       |       |    86 ||    86
Dodge: Dodged            |    23 |    60 |   146 |   172 ||   401
Block: Shield            |    49 |    90 |       |       ||   139
       Large shield      |       |    62 |   560 |  1229 ||  1851
       Rpst.: Long sword |     9 |    21 |    39 |       ||    69
       Scimitar          |       |       |       |    38 ||    38
